 Dungeon Crawl Stone Soup version 0.28-a0-1429-gf3d713df7a (webtiles) character file.

Game seed: 9429720224957339923

564151 RepHenryClay the Severer (level 26, 0/193 HPs)
             Began as a Gnoll Wanderer on Jan 7, 2022.
             Was the Champion of Okawaru.
             Slain by a green draconian monk (11 damage)
             ... on level 2 of the Realm of Zot on Jan 8, 2022.
             The game lasted 02:51:10 (57505 turns).

RepHenryClay the Severer (Gnoll Wanderer)          Turns: 57505, Time: 02:51:10

Health: 0/193      AC: 39    Str: 29    XL:     26   Next: 74%
Magic:  44/44      EV: 15    Int: 19    God:    Okawaru [******]
Gold:   5074       SH:  0    Dex: 25    Spells: 46/59 levels left

rFire   + . .      SeeInvis +   b - +3 battleaxe (vamp)
rCold   + + .      Faith    .   (shield currently unavailable)
rNeg    + + .      Spirit   .   J - +8 gold dragon scales of Apathy {rPois rF+ rC+ Regen+ Stlth+}
rPois   +          Reflect  .   s - +2 helmet "Jaeza" {*Corrode rPois rC+ Dex+5}
rElec   +          Harm     .   e - +1 cloak of Fortification {Int+4}
rCorr   +          Rampage  +   Q - +0 pair of gloves of Lilacs {rPois rCorr Int+4 SInv}
Will    ++...                   V - +0 pair of boots of Focus {rElec SInv}
Stlth   ..........              h - amulet of Ymaot {Rampage Regen+ rCorr Str+4 Slay-2}
HPRegen 2.02/turn               x - ring of willpower
MPRegen 0.29/turn               d - ring of Creativity {rN++ Str+6 Dex+3 Stlth-}

@: lethally poisoned (0 -> 0), on berserk cooldown, slowed, constricted, very
slow
A: fangs 1, strong nose, distributed training, frail 1
}: 3/15 runes: decaying, silver, gossamer
a: Renounce Religion, Heroism, Finesse, Duel


You were on level 2 of the Realm of Zot.
You worshipped Okawaru.
Okawaru was exalted by your worship.
You visited 10 branches of the dungeon, and saw 46 of its levels.
You visited the Abyss 1 time.
You also visited: Ossuary.

You collected 7363 gold pieces.
You spent 2289 gold pieces at shops.

Inventory:

Hand Weapons
 a - a +9 sacred scourge of holy wrath
 b - a +3 vampiric battleaxe (weapon)
Missiles
 M - 4 throwing nets (quivered)
 P - 13 silver javelins
 R - 4 javelins
Armour
 e - the +1 cloak of Fortification (worn) {Int+4}
   (You found it on level 1 of the Swamp)

   Int:       It affects your intelligence (+4).
 p - the +4 kite shield "Beranacvo" {rC++ Stlth-}
   (Okawaru gifted it to you on level 2 of the Swamp)

   rC:        It greatly protects you from cold.
   Stlth:     It makes you less stealthy.
 s - the +2 helmet "Jaeza" (worn) {*Corrode rPois rC+ Dex+5}
   (Okawaru gifted it to you on level 1 of the Depths)

   Dex:       It affects your dexterity (+5).
   rC:        It protects you from cold.
   rPois:     It protects you from poison.
   *Corrode:  It may corrode you when you take damage.
 J - the +8 gold dragon scales of Apathy (worn) {rPois rF+ rC+ Regen+ Stlth+}
   (You acquired it on level 3 of the Lair of Beasts)

   rF:        It protects you from fire.
   rC:        It protects you from cold.
   rPois:     It protects you from poison.
   Regen:     It increases your rate of health regeneration.
   Stlth:     It makes you more stealthy.
 Q - the +0 pair of gloves of Lilacs (worn) {rPois rCorr Int+4 SInv}
   (You found it on level 6 of the Lair of Beasts)

   Int:       It affects your intelligence (+4).
   rPois:     It protects you from poison.
   SInv:      It lets you see invisible.
   rCorr:     It protects you from acid and corrosion.
 V - the +0 pair of boots of Focus (worn) {rElec SInv}
   (Okawaru gifted it to you on level 2 of the Vaults)

   rElec:     It insulates you from electricity.
   SInv:      It lets you see invisible.
 Y - the +3 hat of Action {rElec rN++ Dex-5 Slay+2}
   (Okawaru gifted it to you on level 3 of the Depths)

   Dex:       It affects your dexterity (-5).
   Slay:      It affects your accuracy & damage with ranged weapons and melee
   (+2).
   rElec:     It insulates you from electricity.
   rN:        It greatly protects you from negative energy.
Jewellery
 d - the ring of Creativity (right hand) {rN++ Str+6 Dex+3 Stlth-}
   (You bought it in a shop on level 9 of the Dungeon)

   [ring of strength]

   Str:       It affects your strength (+6).
   Dex:       It affects your dexterity (+3).
   rN:        It greatly protects you from negative energy.
   Stlth:     It makes you less stealthy.
 h - the amulet of Ymaot (around neck) {Rampage Regen+ rCorr Str+4 Slay-2}
   (You acquired it on level 5 of the Dungeon)

   [amulet of regeneration]

   Str:       It affects your strength (+4).
   Slay:      It affects your accuracy & damage with ranged weapons and melee
   (-2).
   Regen:     It increases your rate of health regeneration.
   rCorr:     It protects you from acid and corrosion.
   Rampage:   It bestows one free step when moving towards enemies.
 i - a ring of see invisible
 j - a ring of protection from fire
 v - a +6 ring of strength
 x - a ring of willpower (left hand)
 A - an amulet of reflection
 F - the ring of Ydojuiw {Int+2 Dex+5 Slay+4}
   (You found it on level 3 of the Elven Halls)

   [ring of slaying]

   Int:       It affects your intelligence (+2).
   Dex:       It affects your dexterity (+5).
   Slay:      It affects your accuracy & damage with ranged weapons and melee
   (+4).
 K - a ring of flight
 Z - an amulet of the acrobat
Wands
 o - a wand of mindburst (7)
 w - a wand of acid (16)
 y - a wand of iceblast (34)
 B - a wand of digging (22)
 X - a wand of paralysis (11)
Scrolls
 c - 6 scrolls of enchant armour
 n - 7 scrolls of blinking
 q - 37 scrolls of identify {@r1}
 t - 3 scrolls of magic mapping
 G - 8 scrolls of teleportation
 N - 4 scrolls of holy word
 O - 7 scrolls of fear
 T - 6 scrolls of fog
 W - 3 scrolls of brand weapon
Potions
 f - 2 potions of flight
 k - 4 potions of resistance
 l - 5 potions of brilliance
 m - 3 potions of attraction
 r - 13 potions of curing
 u - 4 potions of mutation
 z - 6 potions of haste
 C - a potion of magic
 D - 4 potions of invisibility
 E - 9 potions of heal wounds
 H - 5 potions of might
 I - 7 potions of ambrosia
 L - 3 potions of cancellation
 U - 2 potions of berserk rage
Miscellaneous
 g - a condenser vane
 S - a lightning rod (4/4)


   Skills:
 + Level 19.0 Fighting
 + Level 17.3 Short Blades
 + Level 17.3 Long Blades
 + Level 19.0 Axes
 + Level 17.3 Maces & Flails
 + Level 17.3 Polearms
 + Level 17.3 Staves
 + Level 17.3 Slings
 + Level 17.3 Bows
 + Level 17.3 Crossbows
 + Level 17.3 Throwing
 + Level 17.3 Armour
 + Level 17.5 Dodging
 + Level 17.3 Stealth
 + Level 17.5 Shields
 + Level 17.3 Unarmed Combat
 + Level 17.3 Spellcasting
 + Level 14.7 Conjurations
 + Level 14.7 Hexes
 + Level 14.7 Summonings
 + Level 14.7 Necromancy
 + Level 14.7 Translocations
 + Level 14.7 Transmutations
 + Level 14.7 Fire Magic
 + Level 14.7 Ice Magic
 + Level 14.7 Air Magic
 + Level 14.7 Earth Magic
 + Level 14.7 Poison Magic
 + Level 18.7 Invocations
 + Level 17.3 Evocations


You had 46 spell levels left.
You knew the following spells:

 Your Spells              Type           Power      Damage    Failure   Level
a - Olgreb's Toxic Radia  Pois           64%        N/A       1%          4
b - Poisonous Vapours     Pois/Air       100%       N/A       1%          2
c - Iskenderun's Mystic   Conj/Tloc      64%        2d13      1%          4
d - Mephitic Cloud        Conj/Pois/Air  64%        N/A       1%          3

Your spell library contained the following spells:

 Spells                   Type           Power      Damage    Failure   Level
 Freeze                   Ice            100%       1d11      1%          1
 Magic Dart               Conj           100%       1d8       1%          1
 Pain                     Necr           100%       1d9       1%          1
 Sting                    Tmut/Pois      100%       1d8       1%          1
 Blink                    Tloc           100%       N/A       1%          2
 Passwall                 Tmut/Erth      53%        N/A       1%          2
 Static Discharge         Conj/Air       64%        N/A       1%          2
 Sublimation of Blood     Necr           64%        N/A       1%          2
 Wereblood                Tmut           64%        N/A       1%          2
 Frozen Ramparts          Ice            100%       1d12      1%          3
 Ozocubu's Armour         Ice            64%        N/A       1%          3
 Portal Projectile        Hex/Tloc       100%       N/A       1%          3
 Vampiric Draining        Necr           64%        2d10      1%          3
 Dispel Undead            Necr           64%        3d22      1%          4
 Fulminant Prism          Conj/Hex       32%        3d16      1%          4
 Hailstorm                Conj/Ice       64%        3d14      1%          4
 Leda's Liquefaction      Hex/Erth       32%        N/A       1%          4
 Sticky Flame             Conj/Fire      64%        2d8       1%          4
 Blade Hands              Tmut           32%        N/A       3%          5
 Fireball                 Conj/Fire      32%        3d14      3%          5
 Freezing Cloud           Conj/Ice/Air   32%        6-21      3%          5
 Iskenderun's Battlesphe  Conj           64%        2d11      3%          5
 Lee's Rapid Deconstruct  Erth           32%        3d17*     3%          5
 Manifold Assault         Tloc           64%        N/A       3%          5
 Conjure Ball Lightning   Conj/Air       32%        3x3d10    17%         6
 Iron Shot                Conj/Erth      32%        9d7       17%         6
 Statue Form              Tmut/Erth      42%        N/A       17%         6
 Orb of Destruction       Conj           32%        9d12      67%         7
 Ozocubu's Refrigeration  Ice            32%        4d11      67%         7
 Storm Form               Tmut/Air       32%        N/A       67%         7
 Borgnjor's Revivificati  Necr           32%        N/A       100%        8
 Lehudib's Crystal Spear  Conj/Erth      32%        10d8      100%        8
 Necromutation            Tmut/Necr      32%        N/A       100%        8
 Death's Door             Necr           32%        N/A       100%        9
 Polar Vortex             Ice            32%        N/A       100%        9
 Animate Skeleton         Necr           Unusable   N/A       N/A         1
 Call Imp                 Summ           Unusable   N/A       N/A         2
 Call Canine Familiar     Summ           Unusable   N/A       N/A         3
 Animate Armour           Summ/Erth      Unusable   N/A       N/A         4
 Simulacrum               Ice/Necr       Unusable   N/A       N/A         6
 Summon Hydra             Summ           Unusable   N/A       N/A         7

Dungeon Overview and Level Annotations

Branches:
Dungeon (15/15)            Temple (1/1) D:4            Lair (6/6) D:11
  Swamp (4/4) Lair:2       Spider (4/4) Lair:2        Slime (0/5) Lair:5
    Orc (2/2) D:9             Elf (3/3) Orc:2        Vaults (5/5) D:13
  Crypt (0/3) Vaults:3     Depths (4/4) D:15            Zot (2/5) Depths:4
Ossuary (visited)

Altars:
Ashenzari
Cheibriados
Dithmenos
Elyvilon
Fedhas
Gozag
Hepliaklqana
Kikubaaqudgha
Makhleb
Nemelex Xobeh
Okawaru
Qazlal
Ru
Sif Muna
Trog
Uskayaw
Vehumet
Wu Jian
Xom
Yredelemnul
Zin
The Shining One
Beogh
Jiyva

Shops:
D:6 [:[?   D:7 :   D:9 =   D:11 !   D:14 ?   Orc:1 :   Orc:2 [?=*(   Elf:1 :*
Elf:2 ?!   Vaults:1 *   Depths:3 *   Depths:4 :=:

Portals:
Hell: Depths:1 Depths:2 Depths:3 Depths:4
Abyss: Depths:3 Depths:4
Pandemonium: Orc:2 Depths:1 Depths:2 Depths:4
Ziggurat: Depths:1

Annotations:
Lair:3 2 transporters, freelancePsychic's ghost, adept DsFi
Swamp:2 1 runed translucent door, Iffuusoj's ghost, adept MiBe
Spider:2 1 runed translucent door, gimp's ghost, adept DgWn


Innate Abilities, Weirdness & Mutations

You have very sharp teeth.
Your uncanny sense of smell can sniff out nearby items.
Your experience applies equally to all skills.
You are frail. (-10% HP)


Message History

You bite the white draconian, but do no damage.
The white draconian is severely wounded.
You barely miss the tentacled monstrosity.
You hit the green draconian monk.
You feel better.
You feel sick.
The tentacled monstrosity tentacle-slaps you but does no damage. x2
The tentacled monstrosity tentacle-slaps you.
* * * LOW HITPOINT WARNING * * *
The tentacled monstrosity constricts you.
The white draconian completely misses you.
The green draconian monk barely misses you.
The green draconian monk kicks you but does no damage.
The green draconian monk misses you.
The green draconian monk tail-slaps you but does no damage.
The tentacled monstrosity misses you.
The tentacled monstrosity closely misses you.
The tentacled monstrosity barely misses you.
The tentacled monstrosity constricts you.
Unknown command.
You slice the tentacled monstrosity!!
You bite the tentacled monstrosity, but do no damage.
The tentacled monstrosity is almost dead.
You barely miss the green draconian monk.
You slash the white draconian!
You feel better.
You feel sick.
The white draconian hits you with a +0 trident.
* * * LOW HITPOINT WARNING * * *
The green draconian monk hits you!!
* * * LOW HITPOINT WARNING * * *
The green draconian monk misses you.
The green draconian monk tail-slaps you!
* * * LOW HITPOINT WARNING * * *
The green draconian monk tail-slaps you but does no damage.
The tentacled monstrosity tentacle-slaps you but does no damage. x3
The tentacled monstrosity constricts you.
The white draconian hits you with a +0 trident.
* * * LOW HITPOINT WARNING * * *
The green draconian monk hits you!
* * * LOW HITPOINT WARNING * * *
The green draconian monk barely misses you.
The green draconian monk tail-slaps you!
You die...

####
............#
##..(
#######....##
∆ #...( #....#
∆∆∆ #....
#....# ∆ #..?y
#######.####
#...##.......#
####†..#######
##.X.##.#
#.y@q.#.#
#.d...#.#
#.....#.#
#.#...##.#
#.######.# #
#.# ∆


You could see a tentacled monstrosity (berserk), a green draconian monk
(berserk), a white draconian (berserk) and a moth of wrath.

Vanquished Creatures
  A dread lich (Vaults:5)
  An ancient lich (Vaults:5)
  Mennas (Vaults:2)
  Mara (Depths:3)
  Sojobo (Depths:2)
  Saint Roka (Depths:1)
  A curse toe (Zot:1)
  5 golden dragons
  Nikola (Depths:2)
  Jory (Depths:3)
  Arachne (Spider:3)
  A bone dragon (Depths:4)
  Mlioglotl (Spider:3)
  10 tentacled monstrosities
  3 liches
  3 titans (Vaults:5)
  A walking divine tome (Depths:2)
  A deep elf blademaster (Elf:2)
  3 sphinxes
  2 death cobs
  A tentacled starspawn (Abyss:3)
  A thorn hunter (Swamp:3)
  8 tengu reavers
  3 storm dragons
  6 shadow dragons
  2 draconian monks (Zot:1)
  A fenstrider witch (Swamp:3)
  The ghost of freelancePsychic the Earth Mage, an adept DEEE of Vehumet (Elf:3)
  11 frost giants
  5 ghost moths
  2 orc warlords
  An iron dragon (Vaults:5)
  14 emperor scorpions
  A juggernaut zombie (Depths:1)
  14 vault wardens
  A caustic shrike zombie (Depths:2)
  A cacodemon (Abyss:3)
  4 fire giants
  Louise (D:15)
  5 draconian stormcallers
  The ghost of AbsoluteStateOfPlay the Swashbuckler, a journeyman MiBe of Trog (Lair:6)
  2 draconian scorchers (Zot:2)
  21 ironbound preservers
  4 broodmothers
  A ghoul (Swamp:4)
  3 war gargoyles
  A juggernaut skeleton (Depths:3)
  8 ironbound thunderhulks
  7 vampire knights
  8 very ugly things
  13 stone giants
  2 deep elf demonologists (Vaults:5)
  5 eleionomae
  A broodmother (shapeshifter) (Elf:1)
  5 red draconians
  8 entropy weavers
  4 black draconians
  14 dire elephants
  2 green draconians
  7 white draconians
  5 bunyips
  4 purple draconians
  A deep elf annihilator (Vaults:5)
  4 spark wasps
  2 deep elf death magi
  3 yellow draconians
  A blizzard demon (Depths:4)
  A merfolk javelineer (Depths:1)
  A crystal guardian (Vaults:2)
  8 ettins
  9 jiangshi (Depths:3)
  A merfolk impaler (Depths:1)
  9 fire dragons
  3 deep elf high priests
  18 yaktaur captains
  A peacekeeper (Vaults:2)
  9 great orbs of eyes
  2 shambling mangroves
  27 vault guards
  4 jorogumos
  7 ice dragons
  4 ogre magi
  25 hydras
  3 demonspawn (Orc:2)
  A spriggan skeleton (Depths:2)
  3 ghost crabs
  6 rakshasas
  4 spriggan air magi
  6 alligators
  9 boulder beetles
  4 radroaches
  2 hell beasts (Depths:2)
  11 ironbound frosthearts
  2 death knights
  24 dancing weapons (Elf:2)
  14 two-headed ogres
  3 death yaks
  An anaconda (shapeshifter) (Vaults:5)
  6 centaur warriors
  10 deep troll shamans
  6 tengu warriors
  10 deep troll earth magi
  2 hell hogs (Depths:2)
  4 spriggan berserkers
  3 vampire magi (Depths:3)
  6 orc high priests
  2 thrashing horrors (Abyss:3)
  4 soul eaters (Depths:2)
  A titan skeleton (Vaults:3)
  Sonja (Lair:5)
  13 deep elf knights
  4 sun demons
  9 goliath frogs
  4 pharaoh ants
  13 hell knights
  3 shadow wraiths (Depths:1)
  8 flayed ghosts
  2 sixfirhies (Abyss:3)
  A sun moth (Spider:1)
  A death drake (shapeshifter) (Vaults:5)
  2 glowing orange brains
  6 skeletal warriors
  9 swamp dragons
  83 deep trolls
  A spectral anaconda (Lair:6)
  11 iron trolls
  A deep troll (shapeshifter) (D:13)
  An obsidian statue (Lair:6)
  11 deep elf archers
  A death drake (Swamp:2)
  6 spriggan druids
  19 orb spiders
  A swamp dragon (shapeshifter) (D:12)
  2 steelbarb worms
  2 tengu zombies
  8 lindwurms
  23 deep elf pyromancers
  16 wizards
  15 ironbound convokers
  8 phantasmal warriors
  13 necromancers
  12 harpies
  A golden dragon skeleton (Depths:3)
  A shadow dragon zombie (Depths:2)
  7 bog bodies
  13 orc sorcerers
  An oklob plant (Lair:6)
  53 ugly things
  15 deep elf zephyrmancers
  17 orc knights
  A stone giant zombie (Vaults:2)
  2 tengu skeletons (Vaults:3)
  5 fire giant zombies (Depths:3)
  24 wolf spiders
  14 moths of wrath
  2 shadow dragon skeletons
  4 cyclopes
  4 frost giant zombies
  4 manticores
  A will-o-the-wisp (Swamp:2)
  3 stone giant skeletons
  5 black mambas
  18 elephants
  A rust devil (Depths:4)
  3 centaur zombies
  A fire giant skeleton (Vaults:3)
  4 human skeletons
  A black mamba (shapeshifter) (Vaults:5)
  6 torpor snails
  24 vault sentinels
  6 smoke demons
  An orange demon (Abyss:3)
  A gargoyle (D:13)
  3 freezing wraiths
  An unseen horror (D:12)
  17 cane toads
  6 demonic crawlers
  A kobold demonologist (D:13)
  2 efreet
  A hellion (Abyss:3)
  A dire elephant skeleton (Lair:6)
  3 ice devils
  2 unseen horrors (shapeshifter)
  50 yaktaurs
  3 rime drakes
  13 komodo dragons
  4 hellwings
  A yaktaur skeleton (Vaults:3)
  A tormentor (Abyss:3)
  11 meliai
  A queen bee (D:13)
  An ancient zyme (Abyss:3)
  5 large abominations
  8 tyrant leeches
  8 trolls
  5 hornets
  A polar bear (Lair:6)
  3 raiju
  A shadow dragon simulacrum (Vaults:4)
  34 slime creatures
  11 dream sheep (Lair:6)
  33 tarantellas
  19 blink frogs
  A meliai zombie (D:11)
  29 jumping spiders
  2 ettin skeletons (Vaults:3)
  6 flying skulls (Depths:3)
  An air elemental (Elf:2)
  A centaur simulacrum (D:12)
  Sigmund (D:4)
  5 spriggans
  13 culicivoras
  12 water elementals
  35 yaks
  7 wyverns
  A dire elephant simulacrum (Lair:6)
  2 chaos spawn
  3 fire elementals
  3 basilisks
  A human (shapeshifter) (D:13)
  A steam dragon (D:7)
  2 neqoxecs (Abyss:3)
  2 wraiths
  68 redbacks
  16 vampire mosquitoes
  A death yak simulacrum (Lair:6)
  3 elf skeletons (Vaults:3)
  15 swamp worms
  A yaktaur simulacrum (Vaults:2)
  2 wargs (D:15)
  3 acid dragons
  16 water moccasins
  6 hell hounds (Depths:3)
  A floating eye (Depths:3)
  3 black bears
  An elephant zombie (Lair:6)
  7 swamp drakes
  2 sky beasts (D:5)
  63 orc warriors
  A tengu (shapeshifter) (Vaults:5)
  26 wolves
  6 necrophages
  15 ogres
  4 boggarts
  8 centaurs
  A wolf (shapeshifter) (Depths:1)
  A phantom (D:7)
  Blork the orc (D:6)
  3 elf zombies (Elf:1)
  An earth elemental (Elf:1)
  2 gnoll sergeants
  5 kobold brigands
  9 bullfrogs
  3 scorpions
  2 water moccasin zombies (Ossuary)
  A water moccasin skeleton (D:5)
  A human simulacrum (Vaults:4)
  2 small abominations (Abyss:3)
  25 killer bees
  An elephant simulacrum (Lair:6)
  7 wights
  9 electric eels
  A howler monkey (D:14)
  A bullfrog zombie (D:5)
  4 hounds
  A gnoll shaman (D:4)
  37 orc priests
  2 bullfrog skeletons
  4 centaur skeletons
  4 iguanas
  Ijyb (D:3)
  34 orc wizards
  2 hound zombies (D:5)
  4 mummies
  13 gnolls
  A howler monkey skeleton (D:4)
  5 adders
  A shadow imp (D:6)
  A white imp (D:8)
  An ufetubus (Abyss:3)
  3 adder zombies (Ossuary)
  An adder skeleton (D:5)
  A worm (D:4)
  5 dart slugs
  139 orcs
  6 ball pythons
  7 endoplasms
  2 giant cockroaches
  5 gnoll zombies (Ossuary)
  7 goblins
  10 hobgoblins
  4 jackals (D:4)
  3 quokkas
  5 bats
  8 frilled lizards
  5 hobgoblin zombies (Ossuary)
  12 kobolds
  2 kobold zombies (Ossuary)
  4 orc zombies (Ossuary)
  4 rats
  A lurking horror (Abyss:3)
  A starspawn tentacle (Abyss:3)
2161 creatures vanquished.

Vanquished Creatures (others)
  A draconian stormcaller (Zot:2)
  2 deep elf knights (Elf:2)
  A centaur skeleton (D:13)
  2 bloated husks
  A jumping spider (Spider:3)
  A chaos spawn (Depths:4)
  A redback (Spider:3)
  A wolf (Depths:3)
  2 orc wizards
  3 orcs
  4 foxfires (Swamp:2)
  33 fungi
  112 plants
  5 starspawn tentacles (Abyss:3)
  15 withered plants (Lair:6)
184 creatures vanquished.

Grand Total: 2345 creatures vanquished

Notes
Turn   | Place    | Note
-------+----------+-------------------------------------------
     0 | D:1      | RepHenryClay the Gnoll Wanderer began the quest for the
                  | Orb.
     0 | D:1      | RepHenryClay set off with the following items: a +3 hand
                  | axe, a +0 buckler, a +0 leather armour
     0 | D:1      | Reached XP level 1. HP: 26/26 MP: 1/1
   432 | D:1      | Reached XP level 2. HP: 31/33 MP: 2/2
   791 | D:2      | Reached XP level 3. HP: 37/38 MP: 3/3
   902 | D:2      | Reached skill level 1 in Invocations
  1097 | D:2      | Reached skill level 1 in Short Blades
  1097 | D:2      | Reached skill level 1 in Long Blades
  1097 | D:2      | Reached skill level 1 in Maces & Flails
  1097 | D:2      | Reached skill level 1 in Polearms
  1097 | D:2      | Reached skill level 1 in Staves
  1097 | D:2      | Reached skill level 1 in Slings
  1097 | D:2      | Reached skill level 1 in Bows
  1097 | D:2      | Reached skill level 1 in Crossbows
  1097 | D:2      | Reached skill level 1 in Throwing
  1097 | D:2      | Reached skill level 1 in Armour
  1097 | D:2      | Reached skill level 1 in Stealth
  1097 | D:2      | Reached skill level 1 in Unarmed Combat
  1097 | D:2      | Reached skill level 1 in Spellcasting
  1097 | D:2      | Reached skill level 1 in Evocations
  1097 | D:2      | Reached XP level 4. HP: 29/45 MP: 5/5
  1797 | D:3      | Noticed Ijyb
  1813 | D:3      | Killed Ijyb
  1814 | D:3      | Reached skill level 1 in Conjurations
  1814 | D:3      | Reached skill level 1 in Hexes
  1814 | D:3      | Reached skill level 1 in Summonings
  1814 | D:3      | Reached skill level 1 in Necromancy
  1814 | D:3      | Reached skill level 1 in Translocations
  1814 | D:3      | Reached skill level 1 in Transmutations
  1814 | D:3      | Reached skill level 1 in Fire Magic
  1814 | D:3      | Reached skill level 1 in Ice Magic
  1814 | D:3      | Reached skill level 1 in Air Magic
  1814 | D:3      | Reached skill level 1 in Earth Magic
  1814 | D:3      | Reached skill level 1 in Poison Magic
  1942 | D:3      | Noticed a black bear
  1950 | D:3      | Killed a black bear
  1951 | D:3      | Reached XP level 5. HP: 38/51 MP: 5/7
  2928 | D:4      | Reached XP level 6. HP: 57/57 MP: 8/8
  3285 | D:4      | Found an opulent altar of Gozag.
  3388 | D:4      | Found a staircase to the Ecumenical Temple.
  3396 | Temple   | Entered the Ecumenical Temple
  3503 | Temple   | Became a worshipper of Warmaster Okawaru
  3780 | D:4      | Noticed a necrophage
  3795 | D:4      | Killed a necrophage
  3796 | D:4      | Reached XP level 7. HP: 51/63 MP: 10/10
  3898 | D:4      | Noticed Sigmund
  3906 | D:4      | Killed Sigmund
  3906 | D:4      | Reached * piety under Okawaru
  4160 | D:4      | Reached XP level 8. HP: 56/71 MP: 12/12
  4572 | D:5      | Entered Level 5 of the Dungeon
  4590 | D:5      | Identified a scroll of acquirement
  4590 | D:5      | Acquired the amulet of Ymaot {Rampage Regen+ rCorr Str+4
                  | Slay-2}
  4715 | D:5      | Reached ** piety under Okawaru
  4936 | D:5      | You fall into a shaft and drop 2 floors!
  5020 | D:7      | Reached XP level 9. HP: 72/77 MP: 14/14
  5048 | D:7      | Found a sand-covered staircase.
  5062 | Ossuary  | Entered an ossuary
  5110 | Ossuary  | Reached *** piety under Okawaru
  5309 | D:6      | Found Gerhurecs's Antique Armour Shoppe.
  5325 | D:6      | Reached skill level 5 in Dodging
  5325 | D:6      | Reached skill level 5 in Shields
  5515 | D:5      | Identified the ring "Fyghoix" {Wiz Fly rF- rC- Int+6}
  5761 | D:6      | Noticed Blork the orc
  5771 | D:6      | Killed Blork the orc
  5867 | D:6      | Found Zeutwioj's Book Shop.
  6006 | D:6      | Found Jasitob's Armour Shop.
  6167 | D:6      | Reached skill level 5 in Invocations
  6175 | D:6      | Found Xoexy's Magic Scroll Boutique.
  6186 | D:6      | Bought 3 scrolls of identify for 84 gold pieces
  6417 | D:7      | Reached **** piety under Okawaru
  6750 | D:7      | Received a gift from Okawaru
  6866 | D:7      | Reached XP level 10. HP: 85/85 MP: 17/17
  6902 | D:7      | Found Bepu's Book Shoppe.
  7294 | D:8      | Reached skill level 5 in Short Blades
  7294 | D:8      | Reached skill level 5 in Long Blades
  7294 | D:8      | Reached skill level 5 in Maces & Flails
  7294 | D:8      | Reached skill level 5 in Polearms
  7294 | D:8      | Reached skill level 5 in Staves
  7294 | D:8      | Reached skill level 5 in Slings
  7294 | D:8      | Reached skill level 5 in Bows
  7294 | D:8      | Reached skill level 5 in Crossbows
  7294 | D:8      | Reached skill level 5 in Throwing
  7294 | D:8      | Reached skill level 5 in Armour
  7294 | D:8      | Reached skill level 5 in Stealth
  7294 | D:8      | Reached skill level 5 in Unarmed Combat
  7294 | D:8      | Reached skill level 5 in Spellcasting
  7294 | D:8      | Reached skill level 5 in Evocations
  7744 | D:9      | Found a staircase to the Orcish Mines.
  7862 | D:9      | Reached skill level 10 in Fighting
  7862 | D:9      | Reached skill level 10 in Axes
  8016 | D:9      | Found Voir's Jewellery Emporium.
  8171 | D:9      | Noticed a two-headed ogre
  8499 | D:9      | Killed a two-headed ogre
  8499 | D:9      | Received a gift from Okawaru
  8756 | D:10     | Entered Level 10 of the Dungeon
  8828 | D:10     | Reached ***** piety under Okawaru
  9267 | D:10     | Reached XP level 11. HP: 68/92 MP: 19/19
  9749 | D:11     | Reached skill level 5 in Conjurations
  9749 | D:11     | Reached skill level 5 in Hexes
  9749 | D:11     | Reached skill level 5 in Summonings
  9749 | D:11     | Reached skill level 5 in Necromancy
  9749 | D:11     | Reached skill level 5 in Translocations
  9749 | D:11     | Reached skill level 5 in Transmutations
  9749 | D:11     | Reached skill level 5 in Fire Magic
  9749 | D:11     | Reached skill level 5 in Ice Magic
  9749 | D:11     | Reached skill level 5 in Air Magic
  9749 | D:11     | Reached skill level 5 in Earth Magic
  9749 | D:11     | Reached skill level 5 in Poison Magic
 10150 | D:11     | Received a gift from Okawaru
 10150 | D:11     | Found the +3 pair of seven-league boots {Rampage+∞}
 10253 | D:11     | Found a staircase to the Lair.
 10590 | D:11     | Found Culizxywumm's Distillery.
 11408 | Orc:1    | Entered Level 1 of the Orcish Mines
 11408 | Orc:1    | Noticed an orc knight
 11408 | Orc:1    | Noticed an orc sorcerer
 11493 | Lair:1   | Entered Level 1 of the Lair of Beasts
 12224 | Lair:1   | Noticed an eight-headed hydra
 12237 | Lair:1   | Killed a three-headed hydra
 12238 | Lair:1   | Reached XP level 12. HP: 87/99 MP: 20/22
 12618 | D:5      | Identified the +1 ring mail of Innypt {rC+}
 12843 | Lair:2   | Noticed a seven-headed hydra
 12862 | Lair:2   | Killed a one-headed hydra
 12885 | Lair:2   | Reached ****** piety under Okawaru
 12972 | Lair:2   | Received a gift from Okawaru
 13311 | Lair:2   | Found a staircase to the Swamp.
 13316 | Lair:2   | Received a gift from Okawaru
 13512 | Lair:2   | Found a hole to the Spider Nest.
 13987 | Lair:3   | Noticed a six-headed hydra
 14002 | Lair:3   | Killed a two-headed hydra
 14100 | Lair:3   | Received a gift from Okawaru
 14350 | Lair:3   | Noticed a spriggan berserker
 14351 | Lair:3   | Noticed freelancePsychic's ghost (adept DsFi)
 14354 | Lair:3   | Found a transporter.
 14355 | Lair:3   | Found a bloodstained altar of Trog.
 14357 | Lair:3   | Noticed a boulder beetle
 14366 | Lair:3   | Identified the ring of Understanding {rPois EV+4 Dex+3
                  | Stlth+}
 14370 | Lair:3   | Killed a boulder beetle
 14414 | Lair:3   | Found a transporter.
 14429 | Lair:3   | Identified the +3 scale mail "Nestez" {+Inv Dex+7 Slay-5}
 14658 | Lair:3   | Reached XP level 13. HP: 96/106 MP: 21/24
 14735 | Lair:3   | Acquired the +8 gold dragon scales of Apathy {rPois rF+ rC+
                  | Regen+ Stlth+}
 15352 | Lair:4   | Received a gift from Okawaru
 15484 | Lair:4   | Received a gift from Okawaru
 15977 | Lair:4   | You fall into a shaft and drop 1 floor!
 16125 | Lair:5   | Noticed Sonja
 16390 | Lair:4   | Received a gift from Okawaru
 16602 | D:9      | Bought the ring of Creativity {rN++ Str+6 Dex+3 Stlth-} for
                  | 1213 gold pieces
 16764 | Lair:5   | Killed Sonja
 16906 | Lair:5   | Received a gift from Okawaru
 17044 | Lair:5   | Found a viscous altar of Jiyva.
 17123 | Lair:5   | Found a staircase to the Slime Pits.
 17454 | Lair:6   | Entered Level 6 of the Lair of Beasts
 17496 | Lair:6   | Reached XP level 14. HP: 76/115 MP: 26/26
 17683 | Lair:5   | Received a gift from Okawaru
 18434 | Lair:6   | Identified the +7 chain mail of Dim Light {rN+ Dex+3}
                  | (Okawaru gifted it to you on level 6 of the Lair of Beasts)
 18434 | Lair:6   | Received a gift from Okawaru
 18715 | Lair:6   | Reached skill level 10 in Invocations
 18888 | Lair:6   | Found a runed translucent gate.
 18905 | Lair:6   | Found the +8 storm bow {elec, penet}
 18905 | Lair:6   | Noticed a dire elephant
 18905 | Lair:6   | Noticed a dire elephant
 18905 | Lair:6   | Noticed a dire elephant
 18905 | Lair:6   | Noticed a dire elephant
 18932 | Lair:6   | Found a runed translucent gate.
 18932 | Lair:6   | Noticed AbsoluteStateOfPlay's ghost (journeyman MiBe)
 18933 | Lair:6   | Found a runed translucent gate.
 19237 | Lair:6   | Got Sif Muna's Collected Works on Stones
 19492 | Lair:6   | Killed a dire elephant
 19503 | Lair:6   | Killed a dire elephant
 19520 | Lair:6   | Killed a dire elephant
 19528 | Lair:6   | Killed a dire elephant
 19869 | Lair:6   | Killed AbsoluteStateOfPlay's ghost
 19869 | Lair:6   | Received a gift from Okawaru
 19870 | Lair:6   | Reached skill level 10 in Dodging
 19870 | Lair:6   | Reached skill level 10 in Shields
 19888 | Lair:6   | Identified the +0 pair of gloves of Lilacs {rPois rCorr
                  | Int+4 SInv}
 20120 | D:9      | Paralysed by an orc sorcerer for 2 turns
 20346 | Orc:1    | Found Tixadogh's Book Shoppe.
 20432 | Orc:1    | Noticed an orc warlord
 20482 | Orc:1    | Killed an orc warlord
 20482 | Orc:1    | Identified the +8 scale mail of Autumn {rPois rN+ Int-4
                  | Stlth+} (Okawaru gifted it to you on level 1 of the Orcish
                  | Mines)
 20482 | Orc:1    | Received a gift from Okawaru
 20483 | Orc:1    | Reached XP level 15. HP: 56/122 MP: 28/28
 20632 | Orc:2    | Entered Level 2 of the Orcish Mines
 20926 | Orc:2    | Found a staircase to the Elven Halls.
 21536 | Orc:2    | Found Cuser's Weapon Shop.
 21737 | Orc:2    | Found Kadd's General Store.
 21738 | Orc:2    | Found Vigei's Magic Scroll Shop.
 21953 | Orc:2    | Reached skill level 10 in Short Blades
 21953 | Orc:2    | Reached skill level 10 in Long Blades
 21953 | Orc:2    | Reached skill level 10 in Maces & Flails
 21953 | Orc:2    | Reached skill level 10 in Polearms
 21953 | Orc:2    | Reached skill level 10 in Staves
 21953 | Orc:2    | Reached skill level 10 in Slings
 21953 | Orc:2    | Reached skill level 10 in Bows
 21953 | Orc:2    | Reached skill level 10 in Crossbows
 21953 | Orc:2    | Reached skill level 10 in Throwing
 21953 | Orc:2    | Reached skill level 10 in Armour
 21953 | Orc:2    | Reached skill level 10 in Stealth
 21953 | Orc:2    | Reached skill level 10 in Unarmed Combat
 21953 | Orc:2    | Reached skill level 10 in Spellcasting
 21953 | Orc:2    | Reached skill level 10 in Evocations
 22288 | Orc:2    | Received a gift from Okawaru
 22553 | Orc:2    | Found Fiseownu's Antique Armour Emporium.
 22553 | Orc:2    | Found Xyts's Jewellery Shoppe.
 22554 | Orc:2    | Found a one-way gate leading to the halls of Pandemonium.
 22562 | Orc:2    | Bought a glowing scarf for 168 gold pieces
 22769 | D:12     | Identified the +2 mace "Zutoha" {vamp, Will+ Int+2}
 23293 | D:12     | Found a stormy altar of Qazlal.
 23734 | D:13     | Reached XP level 16. HP: 131/131 MP: 30/30
 23977 | D:13     | Received a gift from Okawaru
 24379 | D:13     | Found a gate to the Vaults.
 24694 | D:14     | Found Xuhuymn's Magic Scroll Boutique.
 24885 | D:14     | Received a gift from Okawaru
 25096 | D:14     | Learned a level 4 spell: Olgreb's Toxic Radiance
 25099 | D:14     | Learned a level 2 spell: Poisonous Vapours
 25133 | D:14     | Found a white marble altar of Elyvilon.
 25362 | D:14     | Identified the -5 helmet of the Butcher {Rampage rC- Str+5}
                  | (Okawaru gifted it to you on level 14 of the Dungeon)
 25362 | D:14     | Received a gift from Okawaru
 25700 | D:15     | Entered Level 15 of the Dungeon
 26019 | D:15     | Gained mutation: You are frail. (-10% HP) [a neqoxec]
 26019 | D:15     | Paralysed by an orc sorcerer for 4 turns
 26037 | D:15     | Lost mutation: You are frail. (-10% HP) [potion of
                  | mutation]
 26037 | D:15     | Gained mutation: You have hidden genetic defects. [potion
                  | of mutation]
 26037 | D:15     | Gained mutation: You occasionally shout uncontrollably at
                  | your foes. [potion of mutation]
 26037 | D:15     | Gained mutation: You have large cloven feet. [potion of
                  | mutation]
 26038 | D:15     | Lost mutation: You have large cloven feet. [potion of
                  | mutation]
 26038 | D:15     | Lost mutation: You occasionally shout uncontrollably at
                  | your foes. [potion of mutation]
 26038 | D:15     | Gained mutation: You are partially covered in iridescent
                  | scales. (AC +2) [potion of mutation]
 26045 | D:15     | Lost mutation: You are partially covered in iridescent
                  | scales. (AC +2) [potion of mutation]
 26045 | D:15     | Lost mutation: You have hidden genetic defects. [potion of
                  | mutation]
 26045 | D:15     | Gained mutation: You tend to lose your temper in combat.
                  | [potion of mutation]
 26045 | D:15     | Gained mutation: You have a pair of small horns on your
                  | head. [potion of mutation]
 26141 | D:15     | Found a staircase to the Depths.
 26387 | D:15     | Noticed Louise
 26398 | D:15     | Cast into level 2 of the Abyss (Louise)
 26495 | Abyss:3  | Gained mutation: You often lose your temper in combat. [a
                  | neqoxec]
 26500 | Abyss:3  | Gained mutation: You are frail. (-10% HP) [a neqoxec]
 26578 | Abyss:3  | Noticed a tentacled starspawn
 26616 | Abyss:3  | Killed a tentacled starspawn
 26696 | D:15     | Escaped the Abyss
 26703 | D:15     | Killed Louise
 26704 | D:15     | Reached XP level 17. HP: 105/124 MP: 27/32
 26885 | Swamp:1  | Entered Level 1 of the Swamp
 26980 | Swamp:1  | Identified the +10 glaive of Irritation {vorpal, rN+}
                  | (Okawaru gifted it to you on level 1 of the Swamp)
 26980 | Swamp:1  | Received a gift from Okawaru
 27260 | Swamp:1  | Identified the +1 cloak of Fortification {Int+4}
 27670 | Swamp:2  | Identified the +4 spear of the Final Decision {vorpal,
                  | Dex+4 Stlth+}
 27671 | Swamp:2  | Found a runed translucent door.
 27961 | Swamp:2  | Identified the +4 kite shield "Beranacvo" {rC++ Stlth-}
                  | (Okawaru gifted it to you on level 2 of the Swamp)
 27961 | Swamp:2  | Received a gift from Okawaru
 28153 | Swamp:2  | Noticed Iffuusoj's ghost (adept MiBe)
 28239 | Swamp:3  | Learned a level 4 spell: Iskenderun's Mystic Blast
 28344 | Swamp:3  | Acquired 553 gold pieces
 28655 | Swamp:3  | Paralysed by a fenstrider witch for 7 turns
 28660 | Swamp:3  | HP: 1/125 [fenstrider witch (8)]
 28817 | D:9      | Bought a ring of willpower for 375 gold pieces
 29197 | Swamp:3  | Reached skill level 10 in Conjurations
 29197 | Swamp:3  | Reached skill level 10 in Hexes
 29197 | Swamp:3  | Reached skill level 10 in Summonings
 29197 | Swamp:3  | Reached skill level 10 in Necromancy
 29197 | Swamp:3  | Reached skill level 10 in Translocations
 29197 | Swamp:3  | Reached skill level 10 in Transmutations
 29197 | Swamp:3  | Reached skill level 10 in Fire Magic
 29197 | Swamp:3  | Reached skill level 10 in Ice Magic
 29197 | Swamp:3  | Reached skill level 10 in Air Magic
 29197 | Swamp:3  | Reached skill level 10 in Earth Magic
 29197 | Swamp:3  | Reached skill level 10 in Poison Magic
 29396 | Swamp:4  | Entered Level 4 of the Swamp
 29961 | Swamp:3  | Received a gift from Okawaru
 29998 | Swamp:4  | Reached XP level 18. HP: 117/132 MP: 34/34
 30127 | Swamp:4  | Got a decaying rune of Zot
 30333 | Swamp:4  | Received a gift from Okawaru
 30731 | Elf:1    | Entered Level 1 of the Elven Halls
 30975 | Elf:1    | Received a gift from Okawaru
 31073 | Elf:1    | Found Ingaj's Book Emporium.
 31619 | Elf:1    | Found Woloarua's Overcharged Wands.
 32017 | Elf:2    | Found a runed translucent gate.
 32023 | Elf:2    | Found a runed translucent gate.
 32024 | Elf:2    | Found a runed translucent gate.
 32139 | Elf:2    | Received a gift from Okawaru
 32175 | Elf:2    | Found Parer's Distillery.
 32175 | Elf:2    | Found Vaoplei Boca's Magic Scroll Boutique.
 32323 | Elf:2    | Paralysed by an air elemental for 1 turns
 33000 | Elf:2    | Reached skill level 15 in Fighting
 33000 | Elf:2    | Reached skill level 15 in Axes
 33085 | Elf:2    | Received a gift from Okawaru
 33305 | Elf:2    | Noticed a deep elf blademaster
 33335 | Elf:2    | Killed a deep elf blademaster
 33616 | Elf:3    | Entered Level 3 of the Elven Halls
 33623 | Elf:3    | Found a runed translucent door.
 33682 | Elf:3    | Noticed freelancePsychic's ghost (adept DEEE)
 33697 | Elf:3    | Killed freelancePsychic's ghost
 33703 | Elf:3    | Identified the ring of Ydojuiw {Int+2 Dex+5 Slay+4}
 33938 | Spider:1 | Entered Level 1 of the Spider Nest
 33985 | Spider:1 | Reached XP level 19. HP: 139/139 MP: 30/35
 34102 | Lair:2   | Learned a level 3 spell: Mephitic Cloud
 34174 | Spider:1 | Received a gift from Okawaru
 34574 | Spider:1 | Identified the +1 robe of the Hurricane {rElec rC+}
                  | (Okawaru gifted it to you on level 1 of the Spider Nest)
 34574 | Spider:1 | Received a gift from Okawaru
 35059 | Spider:2 | Lost mutation: You are frail. (-10% HP) [potion of
                  | mutation]
 35059 | Spider:2 | Lost mutation: You have a pair of small horns on your head.
                  | [potion of mutation]
 35059 | Spider:2 | Gained mutation: Your muscles are strong. (Str +2) [potion
                  | of mutation]
 35059 | Spider:2 | Gained mutation: Armour fits poorly on your strangely
                  | shaped body. [potion of mutation]
 35059 | Spider:2 | Gained mutation: You have a pair of small horns on your
                  | head. [potion of mutation]
 35060 | Spider:2 | Lost mutation: You often lose your temper in combat.
                  | [potion of mutation]
 35060 | Spider:2 | Lost mutation: Armour fits poorly on your strangely shaped
                  | body. [potion of mutation]
 35060 | Spider:2 | Lost mutation: Your muscles are strong. (Str +2) [potion of
                  | mutation]
 35060 | Spider:2 | Gained mutation: You are somewhat resistant to further
                  | mutation. [potion of mutation]
 35775 | Spider:2 | Found a runed translucent door.
 35776 | Spider:2 | Noticed gimp's ghost (adept DgWn)
 36289 | Spider:3 | Noticed Arachne
 36328 | Spider:3 | Killed Arachne
 36802 | Spider:3 | Identified the +3 ring mail of the Gusle {Contam rF+++
                  | Regen+ Dex+2} (Okawaru gifted it to you on level 3 of the
                  | Spider Nest)
 36802 | Spider:3 | Received a gift from Okawaru
 37196 | Spider:3 | Noticed Mlioglotl
 37211 | Spider:3 | Killed Mlioglotl
 37692 | Spider:4 | Entered Level 4 of the Spider Nest
 37777 | Spider:3 | Reached XP level 20. HP: 162/164 MP: 3/37
 38915 | Spider:4 | Received a gift from Okawaru
 39331 | Spider:4 | Got a gossamer rune of Zot
 39630 | Vaults:1 | Entered Level 1 of the Vaults
 39696 | Vaults:1 | Received a gift from Okawaru
 39847 | Vaults:1 | Reached skill level 15 in Invocations
 40064 | Vaults:1 | Received a gift from Okawaru
 40256 | Vaults:1 | Received a gift from Okawaru
 41067 | Vaults:1 | Reached XP level 21. HP: 151/171 MP: 36/39
 41076 | Vaults:1 | Identified the +5 ring mail "Diegys" {rPois}
 41162 | Vaults:1 | Found Ulophe's Assorted Antiques.
 41192 | Vaults:1 | Bought a scroll of blinking for 225 gold pieces
 41419 | Vaults:1 | Identified the +8 falchion "Plog" {pain, Str+7}
 42050 | Vaults:2 | Identified the +0 pair of boots of Focus {rElec SInv}
                  | (Okawaru gifted it to you on level 2 of the Vaults)
 42050 | Vaults:2 | Received a gift from Okawaru
 42067 | Vaults:2 | Identified the +2 tower shield of Enar {rN+}
 42067 | Vaults:2 | Noticed Mennas
 42139 | Vaults:2 | Killed Mennas
 42378 | Orc:2    | Bought a scroll of enchant weapon for 112 gold pieces
 42378 | Orc:2    | Bought a scroll of blinking for 112 gold pieces
 43292 | Vaults:2 | Found the +5 sword of Power {vorpal}
 44074 | Vaults:3 | Received a gift from Okawaru
 44364 | Vaults:3 | Reached skill level 15 in Dodging
 44364 | Vaults:3 | Reached skill level 15 in Shields
 44503 | Vaults:3 | Reached XP level 22. HP: 180/180 MP: 40/40
 45373 | Vaults:3 | Received a gift from Okawaru
 45427 | Vaults:3 | Found a staircase to the Crypt.
 45837 | Vaults:4 | Reached skill level 15 in Short Blades
 45837 | Vaults:4 | Reached skill level 15 in Long Blades
 45837 | Vaults:4 | Reached skill level 15 in Maces & Flails
 45837 | Vaults:4 | Reached skill level 15 in Polearms
 45837 | Vaults:4 | Reached skill level 15 in Staves
 45837 | Vaults:4 | Reached skill level 15 in Slings
 45837 | Vaults:4 | Reached skill level 15 in Bows
 45837 | Vaults:4 | Reached skill level 15 in Crossbows
 45837 | Vaults:4 | Reached skill level 15 in Throwing
 45837 | Vaults:4 | Reached skill level 15 in Armour
 45837 | Vaults:4 | Reached skill level 15 in Stealth
 45837 | Vaults:4 | Reached skill level 15 in Unarmed Combat
 45837 | Vaults:4 | Reached skill level 15 in Spellcasting
 45837 | Vaults:4 | Reached skill level 15 in Evocations
 46004 | Vaults:4 | Received a gift from Okawaru
 46041 | Vaults:4 | Identified the +6 arbalest "Tyihopud" {penet, Fly rCorr
                  | Dex+10}
 46311 | Vaults:4 | Identified the +2 chain mail of Foiracad {Harm Will+++
                  | Regen+ Str-2} (Okawaru gifted it to you on level 4 of the
                  | Vaults)
 46311 | Vaults:4 | Received a gift from Okawaru
 47227 | Vaults:4 | Lost mutation: You have a pair of small horns on your head.
                  | [potion of mutation]
 47227 | Vaults:4 | Gained mutation: You are partially covered in iridescent
                  | scales. (AC +2) [potion of mutation]
 47228 | Vaults:4 | Upgraded the game from 0.28-a0-1415-g7c84da036a to
                  | 0.28-a0-1429-gf3d713df7a
 47482 | Depths:1 | Entered Level 1 of the Depths
 47856 | Depths:1 | Noticed Saint Roka
 47888 | Depths:1 | Killed Saint Roka
 48286 | Depths:1 | Found a gateway to Hell.
 48327 | Depths:1 | Identified the +2 helmet "Jaeza" {*Corrode rPois rC+ Dex+5}
                  | (Okawaru gifted it to you on level 1 of the Depths)
 48327 | Depths:1 | Received a gift from Okawaru
 48497 | Depths:1 | Found a sacrificial altar of Ru.
 48548 | Depths:1 | Reached XP level 23. HP: 166/188 MP: 42/42
 48849 | Depths:1 | Found a one-way gateway to a ziggurat.
 49860 | Depths:2 | Noticed Sojobo
 49879 | Depths:2 | Paralysed by an air elemental for 1 turns
 49892 | Depths:2 | Killed Sojobo
 50124 | Depths:2 | Noticed Nikola
 50145 | Depths:2 | Killed Nikola
 50608 | Depths:2 | Received a gift from Okawaru
 51204 | Depths:3 | Found a one-way gate to the infinite horrors of the Abyss.
 51233 | Depths:3 | Received a gift from Okawaru
 51344 | Depths:3 | Found Big Baal Hell's Store.
 51376 | Depths:3 | Identified the +3 hat of Action {rElec rN++ Dex-5 Slay+2}
                  | (Okawaru gifted it to you on level 3 of the Depths)
 51376 | Depths:3 | Received a gift from Okawaru
 51679 | Depths:3 | Found an ancient bone altar of Kikubaaqudgha.
 51732 | Depths:3 | Noticed Jory
 51737 | Depths:3 | Reached XP level 24. HP: 197/197 MP: 43/43
 51760 | Depths:3 | Killed Jory
 51871 | Depths:3 | Noticed Mara
 51873 | Depths:3 | Noticed RepHenryClay's illusion
 52126 | Depths:3 | Noticed RepHenryClay's illusion
 52145 | Depths:3 | Killed Mara
 52328 | Depths:3 | Found a hide-covered altar of Uskayaw.
 52552 | Depths:4 | Entered Level 4 of the Depths
 53107 | Depths:4 | Found a gate to the Realm of Zot.
 53368 | Depths:4 | Received a gift from Okawaru
 53417 | Depths:4 | Found a broken altar of Ashenzari.
 53977 | Depths:4 | Found Okhobyapt's Jewellery Shop.
 53978 | Depths:4 | Found Veeggioz's Book Shoppe.
 53978 | Depths:4 | Found Yril's Book Shoppe.
 53988 | Depths:4 | Lost mutation: You are somewhat resistant to further
                  | mutation. [potion of mutation]
 53988 | Depths:4 | Lost mutation: You are partially covered in iridescent
                  | scales. (AC +2) [potion of mutation]
 53988 | Depths:4 | Lost mutation: You tend to lose your temper in combat.
                  | [potion of mutation]
 53988 | Depths:4 | Gained mutation: You are frail. (-10% HP) [potion of
                  | mutation]
 54493 | Vaults:5 | Entered Level 5 of the Vaults
 54541 | Vaults:5 | Received a gift from Okawaru
 54716 | Vaults:5 | Noticed an ancient lich
 54722 | Vaults:5 | Received a gift from Okawaru
 54761 | Vaults:5 | Killed an ancient lich
 54762 | Vaults:5 | Noticed a dread lich
 54784 | Vaults:5 | Killed a dread lich
 54785 | Vaults:5 | Reached XP level 25. HP: 128/184 MP: 41/43
 54829 | Vaults:5 | Received a gift from Okawaru
 54860 | Vaults:5 | Identified the +9 dire flail of Indomitability {flame,
                  | *Rage rElec Dex+3}
 54992 | Vaults:5 | Reached XP level 26. HP: 191/191 MP: 43/44
 55301 | Vaults:5 | Received a gift from Okawaru
 55663 | Vaults:5 | Got a silver rune of Zot
 56097 | Zot:1    | Entered Level 1 of the Realm of Zot
 56232 | Zot:1    | Received a gift from Okawaru
 56432 | Zot:1    | Received a gift from Okawaru
 56674 | Zot:1    | You fall into a shaft and drop 1 floor!
 57505 | Zot:2    | Slain by a green draconian monk

Illustrated notes

Levels and vault maps discovered:
D:1:      scummos_arrival_forest, layout_basic, serial_park_tiny_pond,
          minmay_hexomino_c4
D:2:      layout_basic
D:3:      mumra_celtic_spiral_tile, layout_loops_ring, corexii_leaking_fountain,
          nicolae_concentric_dashed_squares_wild, dk_noncrumbling_4, uniq_ijyb
D:4:      minmay_door_path, layout_basic, grunt_gozag_statues,
          minmay_temple_entry_slanted, uniq_sigmund
D:5:      layout_cave_pools
D:6:      layout_loops_cross, serial_shops, nicolae_take_the_stairs,
          nicolae_shop_hallway_plus, shop, nicolae_diamond_shop,
          uniq_blork_the_orc
D:7:      wander_river, layout_gridville, nicolae_ossuary_entry_monument,
          serial_shops, shop
D:8:      layout_basic, hangedman_abyss_or_decor_lesser_grid
D:9:      layout_cross, serial_shops, nicolae_shop_behind_doors,
          serial_bayou_pond_a
D:10:     layout_irregular_city
D:11:     layout_basic, erik_lair_island, serial_shops, nicolae_stop_n_shop_1,
          special_room [special_room_orc], serial_bayou, serial_bayou_pond_e,
          serial_bayou_pond_e, serial_bayou_shore_b, serial_bayou_lake_a
D:12:     minmay_dotted_concentric_squares, layout_gridville, serial_undead,
          serial_undead_f, serial_undead_c, serial_undead_d, serial_undead_a,
          nicolae_qazlal_style_of_elements
D:13:     layout_loops_ring, hangedman_vaults_entry_quadrant_bands, special_room
          [special_room_orc], nicolae_twisting_strands,
          nicolae_looking_at_the_future
D:14:     layout_basic, nicolae_elyvilon_temple_path, serial_shops,
          shop_fountains, ebering_dispersal_statue_hall, minmay_librarian
D:15:     grunt_enter_depths_snipers, layout_gridville, dk_noncrumbling_2,
          uniq_louise
Temple:   kilobyte_greek_temple
Lair:1:   layout_long_grid
Lair:2:   layout_concentric_octagons, swamp_mist_pool, spider_nest_entry_a,
          lemuel_fruit_tree, infiniplex_staircase_pool
Lair:3:   layout_roguey, gammafunk_ghost_wrathful_warriors, grunt_megastairs_5
Lair:4:   layout_long_grid, beast_lair_carwin_5, infiniplex_staircase_pool_2
Lair:5:   layout_roguey, slime_altar_1, uniq_sonja
Lair:6:   due_jungle_book, layout_layer_cave, gammafunk_ghost_hydra_chop
Swamp:1:  nicolae_swamp_long_stream, layout_basic_swamp,
          evilmike_swamp_ruin_rubble_1
Swamp:2:  layout_basic_swamp, ebering_ghost_funeral_grove, serial_swamp_ruin,
          evilmike_swamp_ruin_house_2, evilmike_swamp_ruin_house_5,
          evilmike_swamp_ruin_house_6
Swamp:3:  layout_basic_swamp, hangedman_swamp_lotus
Swamp:4:  swamp_alternative, layout_basic_swamp
Spider:1: nicolae_spider_mines_1, guppyfry_spider_mini_1
Spider:2: nicolae_spider_hilbert_zone_6 [nicolae_spider_hilbert_4_sides_1_open,
          nicolae_spider_hilbert_4_sides_1_open,
          nicolae_spider_hilbert_4_sides_1_open,
          nicolae_spider_hilbert_4_sides_1_open,
          nicolae_spider_hilbert_4_sides_1_open,
          nicolae_spider_hilbert_4_sides_1_open,
          nicolae_spider_hilbert_4_sides_1_open], ebering_ghost_reflecting_pool
Spider:3: layout_chambers, nicolae_spider_moth_buddies, uniq_arachne,
          uniq_mlioglotl
Spider:4: grunt_spider_rune_circles
Orc:1:    layout_caves, serial_shops, shop, minmay_orc_barracks
Orc:2:    pf_orc_diabolical, layout_diamond_mine, basic_altar, serial_shops,
          nicolae_shop_stone
Elf:1:    nicolae_elf_arrival_fired_up, layout_geoelf_grid, serial_shops, shop,
          minmay_elf_necromancy, nicolae_shop_overcharged_wands
Elf:2:    nicolae_elf_blades_splatter_lattice
          [nicolae_blade_entry_diamond_columns], layout_geoelf_octagon,
          corexii_hall_statues_x, minmay_shoptagon, lemuel_upstairs_altar
Elf:3:    elf_hall_gauntlet_wide, layout_geoelf_octagon,
          ebering_ghost_reflecting_pool, basic_altar, uniq_donald, uniq_roxanne
Vaults:1: nicolae_vaults_little_squares_4, grunt_vaults_hallway_short,
          nicolae_vaults_windows_and_doors_thing, ontoclasm_vaults_chip,
          v_misc_31, hangedman_vaults_hat, hangedman_vaults_river_flow,
          v_misc_33, ontoclasm_vaults_gateway, nicolae_vaults_asterisk,
          layout_vaults_ring, serial_shops, shop_statue
Vaults:2: nicolae_vaults_shelves_hall, vaults_room_grid, hangedman_vaults_nodes,
          grunt_vaults_hallway_long, hangedman_vaults_corner, v_misc_4,
          hangedman_vaults_restitches, dpeg_vaults_monster_row,
          nicolae_vaults_alarming, layout_vaults_omnigrid, uniq_mennas
Vaults:3: hangedman_vaults_snaps, v_misc_17, vaults_mumra_minichess,
          minmay_crypt_entry_skeletal_spiral, v_misc_22, hangedman_vaults_slice,
          hangedman_vaults_cutoff, layout_vaults_chaotic_city
Vaults:4: nicolae_vaults_little_squares_6, nicolae_vaults_yaktaur_gun_rack,
          v_pattern_5, nicolae_vaults_network_star, vaults_room_boxed,
          grunt_vaults_focal, v_alt_pattern_6, vaults_dpeg_hooks,
          special_room_vaults [special_room_orc], vaults_room_corners,
          layout_vaults_omnicross
Vaults:5: serial_shops
Depths:1: minmay_haunted_quarter, layout_cave_shapes, enter_ziggurat_e,
          pan_entry, hell_entry, nicolae_ru_the_path_less_chosen,
          minmay_misc_feat_enclosed, minmay_misc_feat_more_columns,
          kennysheep_generic_room_11, serial_bayou_shore_a, grunt_megastairs_2,
          uniq_saint_roka
Depths:2: hourglass_vault, layout_long_grid, grunt_pan_entry_spiral,
          amcnicky_mini_pool_small, hellmouth_2, uniq_sojobo, uniq_nikola
Depths:3: lemuel_vampire_tower, layout_gridlike, abyss_entry,
          nicolae_uskayaw_suspiria, nicolae_hell_entry_big_baal_hell, uniq_mara
Depths:4: grunt_x_marks_the_spot, layout_basic, pf_hell_entry_great_geh,
          serial_bayou_pond_e, grunt_pan_entry_zigzag, abyss_entry_glasseish,
          cheibrodos_ashenzari_chains, minmay_shop_grove, serial_bayou_shore_b
Zot:1:    layout_concentric_octagons
Zot:2:    kennysheep_room_grid, layout_basic, hangedman_elemental_corridor

Skill      XL: |  1  2  3  4  5  6  7  8  9 10 11 12 13 14 15 16 17 18 19 20 21 22 23 24 25 26 |
---------------+-------------------------------------------------------------------------------+-----
Invocations    | 1 2 3 4 5 6 7 8 9 10 11 12 13 14 15 16 17 18 | 18.7
Short Blades   | 1 2 3 4 5 6 7 8 9 10 11 12 13 14 15 16 17 | 17.3
Long Blades    | 1 2 3 4 5 6 7 8 9 10 11 12 13 14 15 16 17 | 17.3
Maces & Flails | 1 2 3 4 5 6 7 8 9 10 11 12 13 14 15 16 17 | 17.3
Polearms       | 1 2 3 4 5 6 7 8 9 10 11 12 13 14 15 16 17 | 17.3
Staves         | 1 2 3 4 5 6 7 8 9 10 11 12 13 14 15 16 17 | 17.3
Slings         | 1 2 3 4 5 6 7 8 9 10 11 12 13 14 15 16 17 | 17.3
Bows           | 1 2 3 4 5 6 7 8 9 10 11 12 13 14 15 16 17 | 17.3
Crossbows      | 1 2 3 4 5 6 7 8 9 10 11 12 13 14 15 16 17 | 17.3
Throwing       | 1 2 3 4 5 6 7 8 9 10 11 12 13 14 15 16 17 | 17.3
Armour         | 1 2 3 4 5 6 7 8 9 10 11 12 13 14 15 16 17 | 17.3
Stealth        | 1 2 3 4 5 6 7 8 9 10 11 12 13 14 15 16 17 | 17.3
Unarmed Combat | 1 2 3 4 5 6 7 8 9 10 11 12 13 14 15 16 17 | 17.3
Spellcasting   | 1 2 3 4 5 6 7 8 9 10 11 12 13 14 15 16 17 | 17.3
Evocations     | 1 2 3 4 5 6 7 8 9 10 11 12 13 14 15 16 17 | 17.3
Conjurations   | 1 2 3 4 5 6 7 8 9 10 11 12 13 14 | 14.7
Hexes          | 1 2 3 4 5 6 7 8 9 10 11 12 13 14 | 14.7
Summonings     | 1 2 3 4 5 6 7 8 9 10 11 12 13 14 | 14.7
Necromancy     | 1 2 3 4 5 6 7 8 9 10 11 12 13 14 | 14.7
Translocations | 1 2 3 4 5 6 7 8 9 10 11 12 13 14 | 14.7
Transmutations | 1 2 3 4 5 6 7 8 9 10 11 12 13 14 | 14.7
Fire Magic     | 1 2 3 4 5 6 7 8 9 10 11 12 13 14 | 14.7
Ice Magic      | 1 2 3 4 5 6 7 8 9 10 11 12 13 14 | 14.7
Air Magic      | 1 2 3 4 5 6 7 8 9 10 11 12 13 14 | 14.7
Earth Magic    | 1 2 3 4 5 6 7 8 9 10 11 12 13 14 | 14.7
Poison Magic   | 1 2 3 4 5 6 7 8 9 10 11 12 13 14 | 14.7
Dodging        | 3 4 5 6 7 8 9 10 11 12 13 14 15 16 17 | 17.5
Shields        | 3 4 5 6 7 8 9 10 11 12 13 14 15 16 17 | 17.5
Fighting       | 9 10 11 12 13 14 15 16 17 18 19 | 19.0
Axes           | 9 10 11 12 13 14 15 16 17 18 19 | 19.0

Action                   |  1- 3 |  4- 6 |  7- 9 | 10-12 | 13-15 | 16-18 | 19-21 | 22-24 | 25-27 || total
-------------------------+-------+-------+-------+-------+-------+-------+-------+-------+-------++-------
Melee: Hand axe          |    73 |   149 |   399 |   533 |       |       |       |       |       ||  1154
       Bite              |       |    17 |    46 |   141 |   314 |   285 |   398 |   651 |    96 ||  1948
       Dagger            |       |       |    28 |   460 |    67 |     9 |     9 |       |       ||   573
       Scimitar          |       |       |       |   175 |  1782 |  1800 |  1490 |       |       ||  5247
       Headbutt          |       |       |       |       |       |   351 |   747 |   196 |       ||  1294
       Glaive            |       |       |       |       |       |   126 |       |       |       ||   126
       Sacred scourge    |       |       |       |       |       |       |   594 |  2508 |    57 ||  3159
       Falchion          |       |       |       |       |       |       |   135 |       |       ||   135
       Battleaxe         |       |       |       |       |       |       |       |   185 |   424 ||   609
       Punch             |       |       |       |       |       |       |       |     3 |    14 ||    17
Throw: Dart              |       |     5 |    25 |    27 |     7 |     7 |    14 |       |       ||    85
       Javelin           |       |       |       |       |     8 |     9 |       |       |       ||    17
 Cast: Olgreb's Toxic Ra |       |       |       |       |       |     2 |    90 |    15 |       ||   107
       Iskenderun's Myst |       |       |       |       |       |     1 |       |    11 |       ||    12
       Poisonous Vapours |       |       |       |       |       |       |    33 |     2 |       ||    35
       Mephitic Cloud    |       |       |       |       |       |       |     4 |       |       ||     4
Invok: Heroism           |       |       |     1 |     4 |    11 |    17 |    11 |    14 |     5 ||    63
       Finesse           |       |       |       |       |     2 |     2 |     2 |     2 |       ||     8
Evoke: Wand              |       |       |     6 |    12 |     4 |     8 |     3 |     7 |       ||    40
       Condenser vane    |       |       |       |       |       |       |       |     5 |     2 ||     7
  Use: Scroll            |       |       |    16 |     9 |     9 |    14 |    11 |     7 |       ||    66
       Potion            |       |       |       |     2 |     4 |     6 |     6 |     6 |     3 ||    27
 Stab: Sleeping          |       |       |     7 |     5 |     1 |       |       |       |       ||    13
       Distracted        |       |       |       |     1 |       |       |       |       |       ||     1
       Invisible         |       |       |       |       |     7 |       |       |       |       ||     7
       Confused          |       |       |       |       |       |     1 |     2 |       |       ||     3
       Paralysed         |       |       |       |       |       |     2 |       |       |       ||     2
Armor: Ring mail         |    17 |    41 |    30 |    87 |    94 |       |       |       |       ||   269
       Steam dragon scal |       |       |    97 |   249 |       |       |       |       |       ||   346
       Gold dragon scale |       |       |       |       |   943 |   987 |  1255 |   978 |   438 ||  4601
Dodge: Dodged            |    35 |    66 |   231 |   613 |   711 |   577 |   843 |   936 |   419 ||  4431
Block: Buckler           |     7 |    31 |    88 |   269 |   579 |       |       |       |       ||   974
       Kite shield       |       |       |       |       |   340 |  1289 |  2088 |  1628 |       ||  5345

Table legend: (Time is in decaauts)
 A = Elapsed time spent in this place.
 B = Non-inter-level travel time spent in this place.
 C = Inter-level travel time spent in this place.
 D = Time resting spent in this place.
 E = Time spent auto-exploring this place.
 F = Levels seen in this place.
 G = Mean time per level.
                   A        B        C        D        E       F      G
               +--------+--------+--------+--------+--------+-----+--------+
         Total |  55920 |  49511 |   6409 |   4039 |  29440 |  49 | 1141.2 |
       Dungeon |  16742 |  14097 |   2645 |    792 |   9132 |  15 | 1116.1 |
        Temple |    147 |    107 |     40 |      0 |     93 |   1 |  147.0 |
          Lair |   8120 |   7018 |   1102 |    702 |   4028 |   6 | 1353.3 |
         Swamp |   3703 |   3382 |    321 |    655 |   1680 |   4 |  925.8 |
   Spider Nest |   5350 |   5167 |    183 |    856 |   2795 |   4 | 1337.5 |
  Orcish Mines |   2607 |   2347 |    260 |    148 |   1182 |   2 | 1303.5 |
   Elven Halls |   3069 |   2749 |    320 |    269 |   1497 |   3 | 1023.0 |
        Vaults |   8481 |   7501 |    980 |    308 |   4748 |   5 | 1696.2 |
        Depths |   5890 |   5370 |    520 |    213 |   3200 |   4 | 1472.5 |
           Zot |   1321 |   1286 |     35 |     46 |    926 |   2 |  660.5 |
         Abyss |    299 |    299 |      0 |     47 |     59 |   2 |  149.5 |
       Ossuary |    186 |    186 |      0 |      0 |     99 |   1 |  186.0 |
               +--------+--------+--------+--------+--------+-----+--------+

Top non-repeatable levels by time:
    D:11: 2327 daAuts
Spider:3: 2289 daAuts
Vaults:1: 2224 daAuts
  Lair:6: 1937 daAuts
   Orc:2: 1877 daAuts
   Elf:2: 1876 daAuts
Depths:1: 1822 daAuts
Vaults:3: 1814 daAuts
Vaults:2: 1735 daAuts
Vaults:4: 1608 daAuts
    D:13: 1517 daAuts
Depths:3: 1510 daAuts
     D:3: 1409 daAuts
  Lair:2: 1366 daAuts
  Lair:3: 1332 daAuts
